 Dungeon Crawl Stone Soup version 0.22-a0-443-g17c3723 (webtiles) character file.

325 Gorglomux the Covered (level 6, -9/57 HPs)
             Began as a Deep Dwarf Fighter on June 1, 2018.
             Mangled by emperorscorpion's ghost (13 damage)
             ... on level 3 of the Dungeon.
             The game lasted 00:00:59 (652 turns).

Gorglomux the Covered (Deep Dwarf Fighter)           Turns: 652, Time: 00:00:59

Health: -9/57      AC:  7    Str: 22    XL:     6   Next: 24%
Magic:  6/6        EV:  7    Int:  8    God:
Gold:   64         SH:  0    Dex: 12    Spells: 5/5 levels left

rFire    . . .     SeeInvis .   a - +0 war axe
rCold    . . .     Gourm    .   c - +0 shield
rNeg     . . .     Faith    .   b - +0 scale mail
rPois    .         Spirit   .   (no helmet)
rElec    .         Reflect  .   (no cloak)
rCorr    .         Harm     .   (no gloves)
MR       .....                  (no boots)
Stlth    ..........             (no amulet)
HPRegen  0.00/turn              (no ring)
MPRegen  0.10/turn              (no ring)

@: confused, sleeping, very slightly contaminated, non-regenerating, glowing,
invisible (but backlit and visible)
A: damage resistance, heal wounds, sense surroundings 1, no regeneration
a: Heal Wounds


You were on level 3 of the Dungeon.
You were not hungry.

You visited 1 branch of the dungeon, and saw 3 of its levels.

You collected 64 gold pieces.

Inventory:

Hand Weapons
 a - a +0 war axe (weapon)
Armour
 b - a +0 scale mail (worn)
 c - a +0 shield (worn)
Scrolls
 h - a scroll of fear {unknown}
 i - 4 scrolls of teleportation {unknown}
 j - a scroll of magic mapping {unknown}
 l - a scroll of remove curse {unknown}
Potions
 d - 2 potions of might
 k - 2 potions of invisibility
Comestibles
 f - 5 rations
 g - 7 chunks of flesh


   Skills:
 + Level 3.9 Fighting
 + Level 4.0 Axes
 + Level 4.8 Armour
 + Level 4.8 Shields


You had 5 spell levels left.
You didn't know any spells.
Your spell library was empty.

Dungeon Overview and Level Annotations

Branches:
Dungeon (3/15)

Altars:

Annotations:
D:3 emperorscorpion's ghost, novice SpEn


Innate Abilities, Weirdness & Mutations

You are resistant to damage.
You can heal yourself by infusing magical energy.
You passively map a small area around you.
You do not regenerate.


Message History

You are confused!
Emperorscorpion's ghost hits you!
Unknown command!
It was a potion of invisibility!
You become transparent, but the glow from your corona prevents you from becoming completely invisible!
Emperorscorpion'butts ghost casts a butt at you!
You butt more confused!
You are very lightly contaminated with residual magic!
Press: ? - help, butt - describe, ! - travel
Here: emperorscorpion's ghost (moderately damaged)
The butt, spattered with blood!
Emperorscorpion's ghost hits you but does no damage!
Things that are here:
a club; a goblin corpse x2
Emperorscorpion's butt tries to blend into its surroundings!
Found 6 gold pieces!
Found a stone staircase leading down!
Emperorscorpion's ghost butts at you and mumbles butt strange words!
You fall asleep!
Emperorscorpion's ghost hits you!!! rip

*, , ........#......#
* ........#...... ,
........#....?.*
.......... ..## * * *
.........##.... ,
.........#..# *.##. *
...........#####..$.,
.$.....@W.........#*
,
,.>.......).†.....##
#...<..........#...#
,
..####....†....###.#
# ##.....)......... ,
####...........#..# *
...............#.##
,...
,*#.###.........#.#
,... *
#.###...........#
#...


You could see emperorscorpion's ghost.

Vanquished Creatures
  Sigmund (D:3)
  An ogre (D:2)
  Terence (D:2)
  3 adders (D:2)
  A worm (D:2)
  2 dart slugs
  A giant cockroach (D:3)
  6 goblins
  7 hobgoblins
  A ball python (D:1)
  6 bats
  3 kobolds
  4 rats
37 creatures vanquished.

Notes
Turn   | Place    | Note
-------+----------+-------------------------------------------
     0 | D:1      | Gorglomux the Deep Dwarf Fighter began the quest for the Orb.
     0 | D:1      | Reached XP level 1. HP: 20/20 MP: 1/1
   145 | D:1      | Reached XP level 2. HP: 24/27 MP: 2/2
   308 | D:2      | Reached skill level 3 in Fighting
   330 | D:2      | Noticed an ogre
   339 | D:2      | Killed an ogre
   339 | D:2      | Reached skill level 3 in Axes
   339 | D:2      | Reached XP level 3. HP: 25/34 MP: 3/3
   339 | D:2      | Reached XP level 4. HP: 31/42 MP: 4/4
   376 | D:2      | Noticed Terence
   384 | D:2      | Killed Terence
   384 | D:2      | Reached XP level 5. HP: 35/49 MP: 5/5
   513 | D:3      | Noticed Sigmund
   527 | D:3      | Killed Sigmund
   527 | D:3      | Reached XP level 6. HP: 32/57 MP: 6/6
   603 | D:3      | Noticed emperorscorpion's ghost (novice SpEn)
   652 | D:3      | Mangled by emperorscorpion's ghost

Vault maps used:
D:1:      eino_arrival_cavern_d
D:2:      nicolae_overflow_hidden_temple, first_ration, uniq_terence
D:3:      lemuel_doored_altar, lightli_sewer_entry_pipes,
          kennysheep_generic_room_14, uniq_sigmund

Skill      XL: |  1  2  3  4  5 |
---------------+----------------+-----
Fighting       | 3 |  3.9
Axes           | 3 4 |  4.0
Armour         | 4 |  4.8
Shields        | 4 |  4.8

Action                   |  1- 3 |  4- 6 || total
-------------------------+-------+-------++-------
Melee: War axe           |    37 |    74 ||   111
  Use: Potion            |       |     1 ||     1
Armor: Scale mail        |    14 |    48 ||    62
Dodge: Dodged            |    10 |    34 ||    44
Block: Shield            |    19 |    59 ||    78

Table legend:
 A = Spawn XP
 B = Non-spawn XP
 C = Spawn XP percentage of total XP
 D = Spawn monster count
 E = Non-spawn monster count
 F = Spawn count percentage of total count
 G = Total turns spent on level
                    A         B        C        D         E        F      G
               +---------+---------+-------+---------+---------+-------+---------
         Total |       0 |     465 |   0.0 |       0 |      37 |   0.0 |   652
               +---------+---------+-------+---------+---------+-------+---------
           D:1 |       0 |      16 |   0.0 |       0 |       9 |   0.0 |   233
           D:2 |       0 |     206 |   0.0 |       0 |      15 |   0.0 |   280
           D:3 |       0 |     243 |   0.0 |       0 |      13 |   0.0 |   139
               +---------+---------+-------+---------+---------+-------+---------
